 Dungeon Crawl Stone Soup version 0.25.1-2-g60ff931df9 (webtiles) character file.

Game seed: 10177329976144003336

6855 Doot the Frost Mage (level 10, -6/73 HPs)
             Began as a Green Draconian Ice Elementalist on Sept 23, 2020.
             Was a Priest of Sif Muna.
             Mangled by Azrael
             ... wielding a +1 scimitar of flaming
              (13 damage)
             ... on level 2 of the Orcish Mines.
             The game lasted 00:30:41 (9763 turns).

Doot the Frost Mage (DrIE)                          Turns: 9763, Time: 00:30:41

Health: -6/73      AC:  8    Str: 11    XL:     10   Next: 78%
Magic:  24/24      EV: 12    Int: 19    God:    Sif Muna [***...]
Gold:   343        SH:  0    Dex:  6    Spells: 14/29 levels left

rFire    x . .     SeeInvis +   q - +0 whip (venom)
rCold    + . .     Gourm    .   (no shield)
rNeg     . . .     Faith    .   (armour unavailable)
rPois    +         Spirit   .   x - +0 hat
rElec    .         Reflect  .   m - +0 cloak
rCorr    .         Harm     .   (no gloves)
MR       .....                  (no boots)
Stlth    +++.......             C - amulet of regeneration
HPRegen  0.62/turn              g - ring of ice
MPRegen  0.19/turn              u - ring "Sefos" {Wiz rPois Dex-5 SInv Stlth+}

@: no status effects
A: breathe noxious fumes, unfitting armour, poison resistance, cold-blooded, AC
+7
a: Breathe Noxious Fumes, Channel Magic, Forget Spell, Renounce Religion


You were on level 2 of the Orcish Mines.
You worshipped Sif Muna.
Sif Muna was most pleased with you.
You were hungry.

You visited 3 branches of the dungeon, and saw 13 of its levels.

You collected 433 gold pieces.
You spent 90 gold pieces at shops.

Inventory:

Hand Weapons
 c - a +0 whip
 q - a +0 whip of venom (weapon)
Missiles
 o - 43 poisoned darts (quivered)
Armour
 m - a +0 cloak (worn)
 x - a +0 hat (worn)
Magical Staves
 F - an uncursed staff of air
Jewellery
 g - a ring of ice (left hand)
 j - an uncursed amulet of magic regeneration {unknown}
 t - an uncursed ring of positive energy
 u - the ring "Sefos" (right hand) {Wiz rPois Dex-5 SInv Stlth+}
   (You found it on level 4 of the Dungeon)

   [ring of wizardry]

   It improves your spell success rate.
   It affects your dexterity (-5).
   It protects you from poison.
   It lets you see invisible.
   It makes you more stealthy.
 w - an uncursed ring of magical power
 y - a +6 ring of strength
 C - an amulet of regeneration (around neck)
Wands
 p - a wand of iceblast (4)
 z - a wand of polymorph (6)
Scrolls
 i - a scroll of magic mapping {unknown}
 s - 5 scrolls of fear
 B - 3 scrolls of teleportation
Potions
 d - a potion of resistance
 e - 3 potions of invisibility
 f - 2 potions of flight
 h - a potion of brilliance {unknown}
 k - 3 potions of curing
 l - a potion of stabbing {unknown}
 n - 4 potions of haste
 v - a potion of lignification {unknown}
 A - 2 potions of heal wounds
 D - a potion of magic {unknown}
Comestibles
 b - 15 rations


   Skills:
 + Level 2.0 Fighting
   Level 0.9 Short Blades
 + Level 1.6 Maces & Flails
 + Level 1.5 Throwing
 + Level 4.0 Dodging
 + Level 3.8 Stealth
 + Level 10.1 Spellcasting
 + Level 1.3 Conjurations
 + Level 0.5 Charms
 + Level 4.0 Summonings
 + Level 10.5 Ice Magic


You had 14 spell levels left.
You knew the following spells:

 Your Spells              Type           Power        Failure   Level  Hunger
a - Freeze                Ice            ####         1%          1    None
b - Frozen Ramparts       Ice            ######       1%          3    None
c - Summon Ice Beast      Ice/Summ       ######..     1%          4    ##.....
d - Ozocubu's Armour      Chrm/Ice       #####...     1%          3    None
e - Hailstorm             Conj/Ice       #####...     2%          4    ##.....

Your spell library contained the following spells:

 Spells                   Type           Power        Failure   Level  Hunger
 Magic Dart               Conj           ##..         1%          1    None
 Call Imp                 Summ           ###.....     1%          2    None
 Blink                    Tloc           N/A          4%          2    None
 Slow                     Hex            #.......     4%          2    None
 Conjure Flame            Conj/Fire      ##......     7%          3    None
 Mephitic Cloud           Conj/Pois/Air  ##......     8%          3    None


Dungeon Overview and Level Annotations

Branches:
Dungeon (10/15)            Temple (1/1) D:6             Orc (2/2) D:9
   Lair: D:8-11         Elf: Orc:2

Altars:
Ashenzari
Cheibriados
Dithmenos
Fedhas
Gozag
Hepliaklqana
Kikubaaqudgha
Makhleb
Okawaru
Qazlal
Ru
Sif Muna
Trog
Wu Jian
Xom
Yredelemnul
Zin

Annotations:
Orc:2 Azrael


Innate Abilities, Weirdness & Mutations

You can breathe blasts of noxious fumes.
Your lurid green scales are hard. (AC +7)
You cannot fit into any form of body armour.
Your system is resistant to poisons. (rPois)
You are cold-blooded and may be slowed by cold attacks.


Message History

You climb downwards. 4 hell hounds, 2 fire elementals, an orc and Azrael come into view.
Azrael is wielding a +1 scimitar of flaming.
The hell hound barks! x2; You hear a shout! x2; The hell hound barks!
Found 23 gold pieces.
There is a stone staircase leading up here.
Unknown command.
The orc shouts!
The hell hound breathes flames at you. The blast of flame hits you!!
The fire burns you terribly! The hell hound bites you.
The hell hound breathes flames at you. The blast of flame hits you!
The fire burns you terribly!
The orc throws a boomerang.
The boomerang hits you but does no damage.
The weapon returns to the orc!
Azrael hits you with a +1 scimitar of flaming!!
* * * LOW HITPOINT WARNING * * *
Azrael burns you!
You die...

## ##. #... .
##..#### ..$
#..h..R#.$...
#..☼E@...h..#
#....hh..E^..o
##........○#.#
#...##....#
#..# #..##
.... ... ....
#.## .... ##


You could see Azrael, 2 fire elementals, 4 hell hounds and an orc.

Vanquished Creatures
  A hydra (D:9)
  Erica (D:9)
  2 cyclopes
  A hippogriff (D:7)
  Sigmund (D:5)
  A wyvern (D:8)
  4 yaks (D:6)
  A water moccasin (D:9)
  An ice beast (D:9)
  A sky beast (D:7)
  4 ogres
  3 centaurs
  5 bullfrogs
  2 big kobolds (D:8)
  5 scorpions
  2 killer bees (D:4)
  3 howler monkeys
  2 crimson imps
  A hound (D:3)
  5 orc priests
  5 jellies
  2 iguanas
  12 orc wizards
  7 worker ants
  A hound skeleton (D:9)
  2 gnolls (D:1)
  A howler monkey skeleton (D:9)
  9 adders
  A river rat (D:6)
  3 shadow imps
  8 oozes
  An adder skeleton (D:4)
  A worm (D:3)
  2 dart slugs (D:1)
  9 leopard geckos
  59 orcs
  9 bats
  4 giant cockroaches
  7 goblins
  5 hobgoblins
  2 jackals (D:4)
  5 quokkas
  3 ball pythons
  5 frilled lizards (D:1)
  11 kobolds
  9 rats
229 creatures vanquished.

Vanquished Creatures (collateral kills)
  A two-headed ogre (D:9)
  Menkaure (D:5)
  An ice beast (D:7)
  An orc warrior (D:9)
  A phantom (D:6)
  A killer bee (D:4)
  A crimson imp (D:6)
  2 bullfrog skeletons
  2 bullfrog zombies
  A jelly (D:9)
  An orc priest (D:9)
  Ijyb (D:5)
  A killer bee zombie (D:8)
  A hound skeleton (D:9)
  6 orcs
22 creatures vanquished.

Grand Total: 251 creatures vanquished

Notes
Turn   | Place    | Note
-------+----------+-------------------------------------------
     0 | D:1      | Doot the Draconian Ice Elementalist began the quest for the
                  | Orb.
     0 | D:1      | Reached XP level 1. HP: 14/14 MP: 3/3
   417 | D:1      | Reached XP level 2. HP: 20/20 MP: 0/5
   643 | D:1      | Reached XP level 3. HP: 26/26 MP: 4/6
  1326 | D:1      | Learned a level 3 spell: Frozen Ramparts
  1785 | D:2      | Reached XP level 4. HP: 30/33 MP: 4/8
  1900 | D:2      | Found an ornate altar of the Wu Jian Council.
  2277 | D:2      | Noticed a phantom
  2311 | D:3      | Reached skill level 5 in Ice Magic
  2372 | D:3      | Learned a level 4 spell: Summon Ice Beast
  2469 | D:3      | Reached XP level 5. HP: 37/38 MP: 0/10
  3032 | D:4      | Reached skill level 1 in Fighting
  3032 | D:4      | Reached XP level 6. HP: 37/47 MP: 8/12
  3224 | D:4      | Got a slimy iron ring
  3226 | D:4      | Identified the ring "Sefos" {Wiz rPois Dex-5 SInv Stlth+}
                  | (You found it on level 4 of the Dungeon)
  3356 | D:4      | Reached skill level 1 in Throwing
  3356 | D:4      | Your scales start taking on a lurid green colour.
  3356 | D:4      | Reached XP level 7. HP: 52/52 MP: 4/14
  3356 | D:4      | Gained mutation: Your system is resistant to poisons.
                  | (rPois) [Green Draconian growth]
  3974 | D:4      | Learned a level 3 spell: Ozocubu's Armour
  3975 | D:5      | Entered Level 5 of the Dungeon
  3981 | D:5      | Noticed Sigmund
  3989 | D:5      | Reached skill level 5 in Spellcasting
  3991 | D:5      | Killed Sigmund
  4208 | D:5      | Noticed Menkaure
  4243 | D:6      | Noticed a yak
  4246 | D:6      | Noticed a yak
  4261 | D:6      | Killed a yak
  4261 | D:6      | Reached XP level 8. HP: 56/59 MP: 10/16
  4290 | D:6      | Found a staircase to the Ecumenical Temple.
  4353 | Temple   | Entered the Ecumenical Temple
  4420 | Temple   | Became a worshipper of Sif Muna the Loreminder
  4821 | D:6      | Reached skill level 1 in Summonings
  5277 | D:5      | Reached * piety under Sif Muna
  5277 | D:5      | Reached XP level 9. HP: 64/64 MP: 13/19
  5290 | D:5      | Killed Menkaure
  5444 | D:5      | Found a shadowy altar of Dithmenos.
  5445 | D:5      | Found a burning altar of Makhleb.
  5493 | D:5      | Noticed Ijyb
  5514 | D:5      | Killed Ijyb
  5610 | D:5      | Found a sacrificial altar of Ru.
  5847 | D:6      | Found Zin's Purification Station.
  5849 | D:6      | Found a glowing silver altar of Zin.
  5852 | D:6      | Bought a potion of curing for 90 gold pieces
  6133 | D:7      | Found an iron altar of Okawaru.
  6361 | D:7      | Learned a level 4 spell: Hailstorm
  7646 | D:8      | Found a stormy altar of Qazlal.
  7788 | D:8      | Found a shimmering altar of Xom.
  7789 | D:8      | Found a hazy altar of Hepliaklqana.
  7790 | D:8      | Noticed a spectral ugly thing
  7900 | D:8      | Reached ** piety under Sif Muna
  8107 | D:9      | Noticed a cyclops
  8276 | D:9      | Reached XP level 10. HP: 72/72 MP: 16/23
  8384 | D:9      | Noticed a two-headed ogre
  8397 | D:9      | Killed a two-headed ogre
  8744 | D:9      | Reached skill level 1 in Maces & Flails
  8768 | D:9      | Killed a cyclops
  8802 | D:9      | Found a staircase to the Orcish Mines.
  8842 | D:9      | Reached *** piety under Sif Muna
  8952 | D:9      | Noticed Erica
  8959 | D:9      | Killed Erica
  8959 | D:9      | Reached skill level 1 in Conjurations
  8959 | D:9      | Reached skill level 10 in Ice Magic
  9535 | D:9      | Noticed a four-headed hydra
  9544 | D:9      | Killed a four-headed hydra
  9544 | D:9      | Reached skill level 10 in Spellcasting
  9630 | D:10     | Entered Level 10 of the Dungeon
  9642 | D:10     | Noticed a two-headed ogre
  9672 | Orc:1    | Entered Level 1 of the Orcish Mines
  9685 | Orc:1    | Noticed a cyclops
  9695 | Orc:1    | Killed a cyclops
  9762 | Orc:2    | Entered Level 2 of the Orcish Mines
  9762 | Orc:2    | Noticed Azrael
  9763 | Orc:2    | Mangled by Azrael

Illustrated notes

Levels and vault maps discovered:
D:1:      minmay_arrival_checkered_box, layout_basic
D:2:      layout_loops_ring, lemuel_round_altar, glass_columns_c,
          kennysheep_generic_room_16
D:3:      layout_basic
D:4:      layout_loops_ring, first_ration
D:5:      layout_basic, nicolae_ru_the_path_less_chosen,
          gammafunk_temple_overflow_pools, minmay_misc_feat_tower, uniq_sigmund,
          uniq_menkaure, uniq_ijyb
D:6:      layout_loops_ring, zin_purify, minmay_temple_entry_junction_2,
          gup_sewer_entry_spiral
D:7:      layout_gridville, okawaru_gym_becter
D:8:      layout_basic, regret_index_temple_of_mockery, grunt_qazlal_sundering,
          hangedman_little_slice_of_home
D:9:      layout_long_grid, hiddenorc2_lemuel, uniq_erica
D:10:     layout_basic, david_lair_generic, uniq_erolcha, uniq_fannar
Temple:   nicolae_temple_figure_eight
Orc:1:    nicolae_orc_accident_2, layout_diamond_mine
Orc:2:    st_orc_elflike, layout_diamond_mine, bloody_makhleb, uniq_azrael

Skill      XL: |  1  2  3  4  5  6  7  8  9 10 |
---------------+-------------------------------+-----
Spellcasting   | 3 4 5 7 9 10 | 10.1
Ice Magic      | 5 6 7 8 9 10 | 10.5
Stealth        | 2 3 |  3.8
Dodging        | 2 3 4 |  4.0
Fighting       | 1 2 |  2.0
Throwing       | 1 |  1.5
Summonings     | 1 2 4 |  4.0
Maces & Flails | 1 |  1.6
Conjurations   | 1 |  1.3
Short Blades   | |  0.9
Charms         | |  0.5

Action                   |  1- 3 |  4- 6 |  7- 9 | 10-12 || total
-------------------------+-------+-------+-------+-------++-------
Melee: Short sword       |     6 |       |       |       ||     6
       Tailslap          |     1 |       |     4 |     6 ||    11
       Rapier            |     1 |     5 |    36 |       ||    42
       Whip              |       |       |    18 |    27 ||    45
Throw: Dart              |       |     2 |     4 |       ||     6
 Cast: Freeze            |    61 |    42 |   104 |    24 ||   231
       Frozen Ramparts   |       |    10 |    33 |    13 ||    56
       Summon Ice Beast  |       |     2 |    20 |    10 ||    32
       Ozocubu's Armour  |       |       |     3 |     1 ||     4
       Hailstorm         |       |       |     4 |     7 ||    11
 Abil: Breathe Noxious F |       |       |     5 |     2 ||     7
  Use: Scroll            |       |     1 |     8 |       ||     9
 Stab: Sleeping          |     1 |     1 |     1 |       ||     3
  Eat: Chunk             |     3 |     6 |    16 |     6 ||    31
       Ration            |       |       |     1 |       ||     1
Armor: Skin              |    18 |    14 |    56 |    27 ||   115
Dodge: Dodged            |    27 |    32 |   102 |    30 ||   191
